 Dungeon Crawl Stone Soup version 0.22-a0-247-gbddf880 (webtiles) character file.

79 b5mith the Poker (level 4, 0/35 HPs)
             Began as a Human Berserker on Feb 23, 2018.
             Was a Believer of Trog.
             Slain by a crimson imp (2 damage)
             ... on level 2 of the Dungeon.
             The game lasted 00:04:35 (2388 turns).

b5mith the Poker (Human Berserker)                  Turns: 2388, Time: 00:04:35

Health: 0/35       AC:  6    Str: 17 (18) XL:     4   Next: 62%
Magic:  4/4        EV: 11    Int:  6 (7)  God:    Trog [**....]
Gold:   34         SH:  0    Dex: 12 (13) Spells: 3/3 levels left

rFire    . . .     SeeInvis .   a - +0 spear
rCold    . . .     Gourm    .   (no shield)
rNeg     . . .     Faith    .   m - +0 ring mail
rPois    .         Spirit   .   j - +0 helmet (curse)
rElec    .         Reflect  .   (no cloak)
rCorr    .         Harm     .   (no gloves)
MR       .....                  (no boots)
Stlth    +.........             (no amulet)
HPRegen  0.11/turn              (no ring)
MPRegen  0.09/turn              (no ring)

@: no status effects
A: no striking features
a: Berserk, Trog's Hand, Renounce Religion


You were on level 2 of the Dungeon.
You worshipped Trog.
Trog was pleased with you.
You were not hungry.

You visited 1 branch of the dungeon, and saw 2 of its levels.

You collected 34 gold pieces.

Inventory:

Hand Weapons
 a - a +0 spear (weapon)
Armour
 b - a +0 animal skin
 j - a cursed +0 helmet (worn)
 m - a +0 ring mail (worn)
Scrolls
 d - a scroll of amnesia {unknown}
 e - 2 scrolls of remove curse {unknown}
 i - 2 scrolls of teleportation {unknown}
 l - a scroll of immolation {unknown}
Potions
 f - a potion of curing {unknown}
 g - a potion of lignification {unknown}
 h - a potion of haste {unknown}
 k - a potion of degeneration
 n - a potion of ambrosia {unknown}
Comestibles
 c - 4 rations


   Skills:
 + Level 3.5 Fighting
 + Level 3.6 Polearms
 + Level 2.7 Armour
 + Level 2.8 Dodging


You had 3 spell levels left.
You didn't know any spells.

Dungeon Overview and Level Annotations

Branches:
Dungeon (2/15)

Altars:


Message History

You barely miss the crimson imp.
The crimson imp is severely wounded.
The crimson imp misses you.
You closely miss the crimson imp.
The crimson imp is heavily wounded.
The crimson imp hits you but does no damage.
You hit the crimson imp.
The crimson imp is severely wounded.
The crimson imp barely misses you.
You hit the crimson imp.
The crimson imp is severely wounded.
The crimson imp hits you.
* * * LOW HITPOINT WARNING * * *
You hit the crimson imp.
The crimson imp is severely wounded.
The crimson imp hits you but does no damage.
You closely miss the crimson imp.
The crimson imp is severely wounded.
The crimson imp hits you.
You die...

#######.###.##.#.##.....#..
.............#.#..#.....#..
##.####.###.##.#..#.....#..
#### #.# #.###.##.#..#...#####
..####.# #.............<.#
##.##.#.####..##.##.#..#...#
#..#..........##.##.#..#...#
#.....#.####..5........#...#
#..............@.......#...####
#?....#.###..#................#
#.....#.# #..#.####...........#
#.......# #..#.# #...........#
.........# #..#.# #.#.#########
##.$#....# #..#.# #.#.#
#..#...........# #.#.#
#..##...###..######.#.######
#..####.# ...............#


You could see a crimson imp.

Vanquished Creatures
  2 adders (D:2)
  An ooze (D:1)
  4 dart slugs (D:1)
  3 leopard geckos (D:1)
  5 ball pythons
  A giant cockroach (D:2)
  4 goblins (D:1)
  6 hobgoblins (D:1)
  A quokka (D:2)
  4 bats (D:1)
  3 frilled lizards
  5 kobolds
  10 rats
49 creatures vanquished.

Notes
Turn   | Place    | Note
-------+----------+-------------------------------------------
     0 | D:1      | b5mith the Human Berserker began the quest for the Orb.
     0 | D:1      | Reached XP level 1. HP: 18/18 MP: 1/1
   435 | D:1      | Reached XP level 2. HP: 19/24 MP: 2/2
   771 | D:1      | Reached XP level 3. HP: 29/29 MP: 3/3
  1180 | D:1      | Reached ** piety under Trog
  1468 | D:1      | Reached XP level 4. HP: 29/35 MP: 4/4
  2388 | D:2      | Slain by a crimson imp

Vault maps used:
D:1:      onia_arrival_handbag, minivault_24, solitary_fountain,
          minmay_shallow_snake_nest

Action                   |  1- 3 |  4- 6 || total
-------------------------+-------+-------++-------
Melee: Spear             |   134 |   187 ||   321
  Use: Potion            |       |     1 ||     1
 Stab: Sleeping          |     2 |       ||     2
  Eat: Chunk             |     2 |     2 ||     4
       Ration            |       |     1 ||     1
Armor: Animal skin       |    18 |       ||    18
       Ring mail         |       |    52 ||    52
Dodge: Dodged            |    56 |    64 ||   120

Table legend:
 A = Spawn XP
 B = Non-spawn XP
 C = Spawn XP percentage of total XP
 D = Spawn monster count
 E = Non-spawn monster count
 F = Spawn count percentage of total count
 G = Total turns spent on level
                    A         B        C        D         E        F      G
               +---------+---------+-------+---------+---------+-------+---------
         Total |       0 |     113 |   0.0 |       0 |      49 |   0.0 |  2388
               +---------+---------+-------+---------+---------+-------+---------
           D:1 |       0 |      72 |   0.0 |       0 |      36 |   0.0 |  1540
           D:2 |       0 |      41 |   0.0 |       0 |      13 |   0.0 |   848
               +---------+---------+-------+---------+---------+-------+---------
